 Dungeon Crawl Stone Soup version 0.27.1-33-g824d729ab1 (webtiles) character file.

Game seed: 12179052153507122622

3402 pkoi the Grappler (level 9, -1/67 HPs)
             Began as a Black Draconian Gladiator on Dec 1, 2021.
             Was a Believer of Dithmenos.
             Slain by a wyvern (11 damage)
             ... on level 7 of the Dungeon.
             The game lasted 00:13:00 (10778 turns).

pkoi the Grappler (Black Draconian Gladiator)      Turns: 10778, Time: 00:13:00

Health: -1/67      AC:  9    Str: 17    XL:     9   Next: 75%
Magic:  9/9        EV: 14    Int: 11    God:    Dithmenos [**....]
Gold:   514        SH:  0    Dex: 13    Spells: 8/8 levels left

rFire    . . .     SeeInvis .     - Unarmed
rCold    . . .     Faith    .   (no shield)
rNeg     . . .     Spirit   .   (armour unavailable)
rPois    .         Reflect  .   a - +1 hat
rElec    +         Harm     .   e - +0 cloak
rCorr    .         Rampage  .   (no gloves)
Will     .....                  (no boots)
Stlth    +++.......             (no amulet)
HPRegen  0.21/turn              (no ring)
MPRegen  0.11/turn              (no ring)

@: wreathed by umbra
A: breathe lightning, AC +7, unfitting armour, electricity resistance,
cold-blooded
a: Breathe Lightning, Renounce Religion, Shadow Step


You were on level 7 of the Dungeon.
You worshipped Dithmenos.
Dithmenos was pleased with you.
You visited 2 branches of the dungeon, and saw 9 of its levels.
You also visited: Sewer.

You collected 514 gold pieces.

Inventory:

Hand Weapons
 c - a +2 short sword of freezing
Missiles
 b - 6 throwing nets
 f - 57 poisoned darts (quivered)
Armour
 a - a +1 hat (worn)
 e - a +0 cloak (worn)
Wands
 d - a wand of flame (34)
 h - a wand of mindburst (12)
 s - a wand of polymorph (14)
Scrolls
 g - 2 scrolls of magic mapping
 i - a scroll of fear
 k - 2 scrolls of enchant weapon
 l - a scroll of teleportation
 m - a scroll of brand weapon
 n - a scroll of blinking
 p - 6 scrolls of identify
 r - 2 scrolls of enchant armour
Potions
 j - 2 potions of brilliance
 o - 4 potions of flight
 q - 2 potions of curing


   Skills:
 - Level 2.1 Fighting
 - Level 1.7 Throwing
 - Level 6.0 Dodging
 - Level 3.4 Stealth
 * Level 12.1 Unarmed Combat


You had 8 spell levels left.
You didn't know any spells.
Your spell library contained the following spells:

 Spells                   Type           Power      Damage    Failure   Level
 Animate Skeleton         Necr           0%         N/A       34%         1
 Magic Dart               Conj           0%         1d3       34%         1
 Pain                     Necr           0%         1d4       34%         1
 Corpse Rot               Necr/Air       N/A        N/A       47%         2
 Poisonous Vapours        Pois/Air       0%         N/A       47%         2
 Searing Ray              Conj           0%         3d3       47%         2
 Inner Flame              Hex/Fire       0%         N/A       71%         3
 Ozocubu's Armour         Ice            0%         N/A       71%         3
 Stone Arrow              Conj/Erth      0%         3d7       71%         3
 Vampiric Draining        Necr           0%         2d6       71%         3
 Cause Fear               Hex            0%         N/A       98%         4
 Fulminant Prism          Conj/Hex       0%         3d6       98%         4
 Summon Ice Beast         Ice/Summ       0%         N/A       98%         4
 Bolt of Magma            Conj/Fire/Erth 0%         4d4       100%        5
 Freezing Cloud           Conj/Ice/Air   0%         6-21      100%        5
 Metabolic Englaciation   Hex/Ice        0%         N/A       100%        5
 Summon Forest            Summ/Tloc      0%         N/A       100%        5
 Summon Mana Viper        Hex/Summ       0%         N/A       100%        5
 Shadow Creatures         Summ           N/A        N/A       100%        6
 Simulacrum               Ice/Necr       0%         N/A       100%        6
 Monstrous Menagerie      Summ           0%         N/A       100%        7
 Discord                  Hex            0%         N/A       100%        8
 Shatter                  Erth           0%         3d5*      100%        9


Dungeon Overview and Level Annotations

Branches:
Dungeon (8/15)             Temple (1/1) D:4           Sewer (visited)
   Lair: D:8-11

Altars:
Ashenzari
Dithmenos
Elyvilon
Fedhas
Gozag
Hepliaklqana
Kikubaaqudgha
Makhleb
Nemelex Xobeh
Okawaru
Qazlal
Ru
Sif Muna
Trog
Uskayaw
Vehumet
Wu Jian
Xom
Yredelemnul
Zin
The Shining One

Shops:
D:2 [   D:4 [(

Annotations:
D:5 3 runed translucent doors, DemonSlayer's ghost, novice TeBe; Edmund


Innate Abilities, Weirdness & Mutations

You can breathe wild blasts of lightning.
Your glossy black scales are hard. (AC +7)
You cannot fit into any form of body armour.
You are resistant to electric shocks. (rElec)
You are cold-blooded and may be slowed by cold attacks.


Message History

You punch the orc!
You kill the orc!
Dithmenos accepts your kill.
Found a quarterstaff.
Things that are here:
a +0 club; a +0 ring mail; an orc corpse A centaur warrior comes into view.
Found a book of Geomancy.
A yak and a wyvern come into view.
Found an escape hatch in the floor.
The helpless jelly fails to defend itself.
You punch the jelly!
Your hands burn!
The jelly is severely wounded.
The yak bellows!
You hear an angry hiss.
You hear two shouts!
A scorpion comes into view.
The jelly hits you but does no damage.
You punch the jelly!
You kill the jelly!
Dithmenos accepts your kill.
The yak snorts and paws the ground.
The centaur warrior wields a +0 shortbow.
The centaur warrior shoots an arrow.
The arrow hits you.
You hear an angry hiss.
The centaur warrior shoots an arrow.
The arrow hits you!
The centaur warrior shoots an arrow.
The arrow hits you!
Things that are here:
a +0 club; a +0 ring mail; an orc corpse A wyvern comes into view.
The centaur warrior shoots an arrow.
The arrow hits you!!
* * * LOW HITPOINT WARNING * * *
The centaur warrior shoots an arrow.
The arrow hits you!
* * * LOW HITPOINT WARNING * * *
There is a stone staircase leading up, spattered with blood here.
The wyvern bites you.
* * * LOW HITPOINT WARNING * * *
You climb upwards.
There is a stone staircase leading down here.
The wyvern barely misses you. The wyvern completely misses you.
The wyvern bites you!
You die...

..#####.#.#
#..#.##.........#
..# #.#.#
##.#.##.........#
..# #.#.#
#...##.........#
.## #.#.#
##..##.........# .#
#...#
#..##....o....#
.##########
##..##.........#
.'......#
#..>..##########
.######.######
#l#####
.#....#.#....###@#
.#....#.#.#......##
.#..###.#.........#
.#..# #.#.#.......#
....###.###..<##^.#
.#................#
##..≈≈≈≈≈≈≈.####.##
##.≈≈≈≈≈≈........#
##.≈≈_....8.######


You could see a wyvern.

Vanquished Creatures
  A hornet (D:5)
  Sigmund (D:4)
  6 yaks
  Eustachio (D:4)
  A steam dragon (D:7)
  A water moccasin (D:6)
  A black bear (D:5)
  An ice beast (D:5)
  A sky beast (D:6)
  An ogre (D:5)
  5 necrophages
  A centaur (D:7)
  A bullfrog (D:7)
  A gnoll sergeant (D:5)
  A wyvern skeleton (D:6)
  2 hounds (D:4)
  2 jellies
  An orc priest (D:5)
  2 bullfrog skeletons
  3 orc wizards
  2 iguanas (D:6)
  A killer bee zombie (D:7)
  A hound skeleton (D:4)
  Robin (D:4)
  8 gnolls
  2 river rats (D:6)
  12 adders
  2 white imps
  3 worms
  6 dart slugs
  16 orcs
  10 bats
  18 endoplasms
  3 giant cockroaches (D:2)
  20 goblins
  5 hobgoblins
  12 jackals
  3 quokkas
  17 ball pythons
  3 frilled lizards
  7 kobolds
  5 rats
191 creatures vanquished.

Vanquished Creatures (others)
  A fungus (D:8)
  A plant (D:8)
2 creatures vanquished.

Grand Total: 193 creatures vanquished

Notes
Turn   | Place    | Note
-------+----------+-------------------------------------------
     0 | D:1      | pkoi the Draconian Gladiator began the quest for the Orb.
     0 | D:1      | Reached XP level 1. HP: 17/17 MP: 1/1
   454 | D:1      | Reached XP level 2. HP: 23/24 MP: 2/2
   739 | D:1      | Reached skill level 4 in Unarmed Combat
  1138 | D:2      | Reached XP level 3. HP: 26/29 MP: 3/3
  1195 | D:2      | Found a shimmering altar of Xom.
  1756 | D:2      | Reached XP level 4. HP: 36/36 MP: 4/4
  1845 | D:2      | Found Xuovah's Antique Armour Shoppe.
  2001 | D:2      | Reached skill level 5 in Unarmed Combat
  3236 | D:3      | Found a shadowy altar of Dithmenos.
  3244 | D:3      | Became a worshipper of Dithmenos the Shadowed
  3301 | D:3      | Reached XP level 5. HP: 41/41 MP: 5/5
  3444 | D:4      | Found a stormy altar of Qazlal.
  3591 | D:4      | Found Pitaffar's Antique Weapon Boutique.
  3629 | D:4      | Noticed Eustachio
  3649 | D:4      | Killed Eustachio
  3650 | D:4      | Reached skill level 1 in Stealth
  3650 | D:4      | Reached skill level 6 in Unarmed Combat
  3650 | D:4      | Reached XP level 6. HP: 28/48 MP: 6/6
  3854 | D:4      | Found a staircase to the Ecumenical Temple.
  3860 | D:4      | Noticed Sigmund
  3862 | D:4      | Found Letoqem's Armour Shop.
  3939 | D:4      | Killed Sigmund
  3940 | D:4      | Your scales start taking on a glossy black colour.
  3940 | D:4      | Reached XP level 7. HP: 25/55 MP: 7/7
  3940 | D:4      | Gained mutation: You are resistant to electric shocks.
                  | (rElec) [Black Draconian growth]
  4183 | D:4      | Found a sacrificial altar of Ru.
  4246 | D:4      | Identified the +1 ring mail of Zilamnos {Will++ Stlth+}
  4380 | D:4      | Reached skill level 7 in Unarmed Combat
  4538 | D:4      | Noticed Robin
  4561 | D:4      | Reached * piety under Dithmenos
  4957 | D:4      | Killed Robin
  5306 | D:5      | Entered Level 5 of the Dungeon
  5328 | D:5      | Reached XP level 8. HP: 61/61 MP: 8/8
  5459 | D:5      | Reached skill level 8 in Unarmed Combat
  5606 | D:5      | Reached skill level 5 in Dodging
  5854 | D:5      | Found a runed translucent gate.
  5855 | D:5      | Found a runed translucent gate.
  5856 | D:5      | Found a runed translucent gate.
  5859 | D:5      | Noticed a hornet
  5865 | D:5      | Killed a hornet
  5866 | D:5      | Reached skill level 9 in Unarmed Combat
  6025 | Temple   | Entered the Ecumenical Temple
  6881 | D:5      | Noticed DemonSlayer's ghost (novice TeBe)
  7175 | D:6      | Noticed Edmund
  7574 | D:6      | Found a glowing drain.
  7582 | Sewer    | Entered a sewer
  7590 | Sewer    | Reached ** piety under Dithmenos
  8255 | D:6      | Reached skill level 10 in Unarmed Combat
  8255 | D:6      | Reached XP level 9. HP: 63/67 MP: 9/9
  8933 | D:7      | Found a broken altar of Ashenzari.
  9107 | D:6      | Reached skill level 11 in Unarmed Combat
  9690 | D:7      | Found an opulent altar of Gozag.
 10069 | D:7      | Reached skill level 12 in Unarmed Combat
 10761 | D:8      | Noticed a centaur warrior
 10778 | D:7      | Slain by a wyvern

Illustrated notes

Levels and vault maps discovered:
D:1:      mrwooster_arrival_statue, layout_basic
D:2:      layout_basic, serial_shops, nicolae_shop_statue_plus, basic_altar
D:3:      layout_loops_ring, mainiacjoe_overflow_alcove_1, serial_rivers,
          chequers_serial_rivers_small_3, chequers_serial_rivers_micro_d,
          chequers_serial_rivers_small_a, chequers_serial_rivers_marsh,
          chequers_serial_rivers_micro_d
D:4:      layout_basic, nicolae_ru_sacrificial_ziggurat, grunt_qazlal_clouds,
          minmay_temple_entry_from_below_a, serial_shops, shop, shop,
          nicolae_ossuary_entry_ruins, uniq_eustachio, uniq_robin, uniq_sigmund
D:5:      layout_basic, gammafunk_ghost_necromancy
D:6:      layout_rooms, lightli_sewer_entry_pipes, uniq_edmund
D:7:      layout_basic, ashenzari_conservatory_becter,
          mainiacjoe_overflow_catwalk
D:8:      layout_rooms, minmay_lair_entry_grove, nicolae_water_bricks,
          the_hattery
Temple:   nicolae_temple_elliptical

Skill      XL: |  1  2  3  4  5  6  7  8  9 |
---------------+----------------------------+-----
Unarmed Combat | 4 5 6 7 10 12 | 12.1
Dodging        | 3 4 6 |  6.0
Stealth        | 1 2 3 |  3.4
Fighting       | |  2.1
Throwing       | |  1.7

Action                   |  1- 3 |  4- 6 |  7- 9 || total
-------------------------+-------+-------+-------++-------
Melee: Unarmed           |    73 |   106 |   439 ||   618
       Tailslap          |    20 |    15 |    55 ||    90
       Short sword       |    41 |       |       ||    41
       Punch             |     1 |     2 |    30 ||    33
Throw: Dart              |       |    24 |     6 ||    30
       Throwing net      |       |     1 |       ||     1
 Abil: Breathe Lightning |       |       |     8 ||     8
  Use: Scroll            |       |     7 |     6 ||    13
       Potion            |       |     3 |     4 ||     7
 Stab: Sleeping          |     2 |       |    10 ||    12
       Distracted        |       |       |     1 ||     1
Armor: Skin              |    27 |    40 |   129 ||   196
Dodge: Dodged            |    71 |    67 |   339 ||   477
